 Dungeon Crawl Stone Soup version 0.22.1-1-ga44c0e56f4 (webtiles) character file.

3294 OdinFK the Covered (level 9, -2/69 HPs)
             Began as a Demonspawn Abyssal Knight on Oct 20, 2018.
             Was a Priest of Lugonu.
             Slain by a death yak (18 damage)
             ... on level 8 of the Dungeon.
             The game lasted 00:28:45 (8108 turns).

OdinFK the Covered (Demonspawn Abyssal Knight)      Turns: 8108, Time: 00:28:46

Health: -2/69      AC: 17    Str: 16    XL:     9   Next: 69%
Magic:  12/12      EV:  5    Int: 13    God:    Lugonu [***...]
Gold:   472        SH:  0    Dex: 13    Spells: 8/8 levels left

rFire    . . .     SeeInvis .   D - +2 mace (crush)
rCold    . . .     Gourm    .   (no shield)
rNeg     . . .     Faith    .   f - +0 plate armour
rPois    .         Spirit   .   u - +0 helmet
rElec    .         Reflect  .   n - +0 cloak
rCorr    +         Harm     .   (no gloves)
MR       .....                  (no boots)
Stlth    ..........             (no amulet)
HPRegen  0.21/turn              e - ring of resist corrosion (curse)
MPRegen  0.13/turn              j - ring of wizardry

@: no status effects
A: yellow scales 1, demonic guardian 1, foul stench 1, rot immunity
a: Depart the Abyss, Bend Space, Banish, Renounce Religion


You were on level 8 of the Dungeon.
You worshipped Lugonu.
Lugonu was most pleased with you.
You were not hungry.

You visited 1 branch of the dungeon, and saw 8 of its levels.
You visited the Abyss 1 time.

You collected 472 gold pieces.

Inventory:

Hand Weapons
 a - a +1 hand axe
 y - a +2 long sword
 D - a +2 mace of crushing (weapon)
 F - a cursed -3 long sword
Armour
 f - a +0 plate armour (worn)
 n - a +0 cloak (worn)
 u - a +0 helmet (worn)
Jewellery
 e - a cursed ring of resist corrosion (left hand)
 j - a ring of wizardry (right hand)
 A - an uncursed ring of ice
Wands
 m - a wand of disintegration (10)
 x - a wand of flame (12)
 z - a wand of random effects (19)
 E - a wand of digging (8)
Scrolls
 d - a scroll of magic mapping {unknown}
 k - 3 scrolls of enchant weapon
 o - 5 scrolls of remove curse
 p - 2 scrolls of amnesia
 r - a scroll of fear
 t - a scroll of teleportation
 v - a scroll of fog
 H - a scroll of blinking {unknown}
Potions
 b - a potion of heal wounds
 g - 2 potions of magic
 h - a potion of might
 i - 3 potions of haste
 l - 2 potions of invisibility
 q - a potion of lignification
 s - 2 potions of brilliance {unknown}
 w - 2 potions of curing
 B - a potion of agility {unknown}
 C - a potion of cancellation {unknown}
 G - a potion of flight {unknown}
Comestibles
 c - 16 rations
 I - 4 chunks of flesh


   Skills:
 + Level 6.0 Fighting
 - Level 4.0(6.1) Axes
 + Level 7.1(7.6) Maces & Flails
 + Level 7.2 Armour
 - Level 0.8 Dodging
 - Level 2.4 Invocations
 * Level 4.9 Evocations


You had 8 spell levels left.
You didn't know any spells.
Your spell library was empty.

Dungeon Overview and Level Annotations

Branches:
Dungeon (8/15)             Temple (0/1) D:7
   Lair: D:8-11

Altars:
Makhleb
Nemelex Xobeh
Okawaru
Trog
The Shining One

Shops:
D:8 (

Annotations:
D:5 Pikel


Innate Abilities, Weirdness & Mutations

You are partially covered in yellow scales. (AC +2)
A weak demonic guardian rushes to your aid.
You may emit foul miasma when damaged in melee.
You are immune to rotting.


Message History

Your quasit bites the death yak but does no damage.
Your quasit claws the death yak. x2
Your quasit bites the death yak but does no damage.
Your quasit claws the death yak but does no damage. x2
The death yak is engulfed in dark miasma.
The death yak looks as sick as possible!
The death yak gores your quasit!!
Your quasit dies!
The death yak is no longer moving slowly.
The death yak gores you but does no damage.
The death yak gores you! The death yak gores you!
* * * LOW HITPOINT WARNING * * *
Evoke which item? (* to show all) (? for menu, Esc to quit)
Aiming: Throw Flame
Press: ? - help, Shift-Dir - straight line, f/p - death yak
Aim: a death yak (almost dead, fast, poisoned)
The puff of flame misses the death yak.
The death yak barely misses you. The death yak gores you!!
You die...

.............>.##########
#..#### #############.)#
#..# #..## #..# #...# #..#
#.#.###########..#
#........Y...)<..#
#...###########..#
#######...##########..#
#[.....5.@Y.........<.#
#)######..#############
#.# #..##.. #.# #...#.#
#.# #...#.#
YY.........####....#######
...###.....#..............
#.....#.###...######.
......# #.†.#


You could see a death yak and a friendly white imp.

Vanquished Creatures
  Harold (D:7)
  A two-headed ogre (D:8)
  2 slaves (D:5)
  An ice beast (D:8)
  An ogre (D:5)
  A necrophage (D:6)
  A phantom (D:5)
  3 bullfrogs
  3 scorpions
  4 wights (D:6)
  2 crimson imps
  A howler monkey (D:6)
  A quasit (D:8)
  An orc priest (D:8)
  A jelly (D:5)
  5 orc wizards
  2 hounds
  A centaur skeleton (D:5)
  Ijyb (D:5)
  Natasha (D:3)
  2 iguanas
  5 worker ants
  9 adders
  2 adder zombies (D:5)
  2 adder skeletons (D:5)
  3 worms
  3 dart slugs
  2 leopard geckos
  18 orcs
  4 bats
  4 giant cockroaches
  6 goblins
  9 hobgoblins
  7 jackals
  A quokka (D:5)
  A ball python (D:3)
  3 frilled lizards
  A giant cockroach zombie (D:6)
  4 kobolds
  4 rats
124 creatures vanquished.

Vanquished Creatures (collateral kills)
  A water moccasin (D:7)
  An orc warrior (D:8)
  A sky beast (D:5)
  A centaur (D:6)
  A bullfrog (D:7)
  A wight (D:6)
  A bullfrog zombie (D:8)
  A hound (D:3)
  2 orc priests
  Natasha (D:3)
  An adder (D:5)
12 creatures vanquished.

Grand Total: 136 creatures vanquished

Notes
Turn   | Place    | Note
-------+----------+-------------------------------------------
     0 | Abyss:1  | OdinFK the Demonspawn Abyssal Knight began the quest for
                  | the Orb.
     0 | Abyss:1  | Reached XP level 1. HP: 18/18 MP: 2/2
    29 | D:1      | Escaped the Abyss
   453 | D:1      | Gained mutation: A weak demonic guardian rushes to your
                  | aid. [demonic ancestry]
   453 | D:1      | Reached XP level 2. HP: 24/24 MP: 3/3
  1052 | D:2      | Reached XP level 3. HP: 30/30 MP: 4/4
  1591 | D:2      | Reached ** piety under Lugonu
  2111 | D:3      | Reached XP level 4. HP: 26/37 MP: 5/5
  2662 | D:3      | Found a sparkling altar of Nemelex Xobeh.
  2775 | D:3      | Noticed Natasha
  2778 | D:3      | Killed Natasha
  2795 | D:3      | Noticed Natasha
  2804 | D:3      | Killed Natasha
  2804 | D:3      | Reached XP level 5. HP: 26/42 MP: 6/6
  3741 | D:4      | Found a glowing golden altar of the Shining One.
  3864 | D:4      | Reached XP level 6. HP: 28/48 MP: 7/7
  3966 | D:4      | HP: 2/48 [poisoned by a worker ant]
  4336 | D:5      | Entered Level 5 of the Dungeon
  4346 | D:5      | Reached skill level 1 in Maces & Flails
  4589 | D:5      | Noticed Ijyb
  4622 | D:5      | Killed Ijyb
  4622 | D:5      | Gained mutation: You are partially covered in yellow
                  | scales. (AC +2) [demonic ancestry]
  4622 | D:5      | Reached XP level 7. HP: 52/55 MP: 8/8
  4755 | D:5      | Noticed Pikel
  5384 | D:6      | Reached skill level 1 in Evocations
  5851 | D:6      | Reached skill level 5 in Armour
  5851 | D:6      | Gained mutation: You are immune to rotting. [demonic
                  | ancestry]
  5851 | D:6      | Reached XP level 8. HP: 30/61 MP: 9/9
  6084 | D:6      | Reached *** piety under Lugonu
  6574 | D:7      | Reached skill level 5 in Fighting
  6709 | D:7      | Noticed Harold
  6787 | D:7      | Killed Harold
  6787 | D:7      | Reached skill level 5 in Maces & Flails
  6787 | D:7      | Gained mutation: You may emit foul miasma when damaged in
                  | melee. [demonic ancestry]
  6787 | D:7      | Reached XP level 9. HP: 25/68 MP: 9/11
  7288 | D:7      | Found a staircase to the Ecumenical Temple.
  7509 | D:8      | Found a burning altar of Makhleb.
  7509 | D:8      | Found an iron altar of Okawaru.
  7510 | D:8      | Found a bloodstained altar of Trog.
  7653 | D:8      | Found Oxyoral's Weapon Shoppe.
  7866 | D:8      | Noticed a death yak
  7991 | D:8      | Noticed a two-headed ogre
  8002 | D:8      | Killed a two-headed ogre
  8022 | D:8      | Noticed a death yak
  8022 | D:8      | Noticed a death yak
  8108 | D:8      | Slain by a death yak

Skill      XL: |  1  2  3  4  5  6  7  8  9 |
---------------+----------------------------+-----
Axes           | 2 3 4 |  4.0
Armour         | 2 3 4 5 6 7 |  7.2
Fighting       | 4 5 6 |  6.0
Maces & Flails | 2 4 5 7 |  7.1
Evocations     | 1 3 4 |  4.9
Dodging        | |  0.8
Invocations    | |  2.4

Action                   |  1- 3 |  4- 6 |  7- 9 || total
-------------------------+-------+-------+-------++-------
Melee: Hand axe          |   154 |   109 |       ||   263
       Mace              |       |   100 |   349 ||   449
Evoke: Wand              |       |     1 |    39 ||    40
  Use: Scroll            |       |     2 |     8 ||    10
       Potion            |       |     3 |     1 ||     4
 Stab: Distracted        |       |     1 |     2 ||     3
  Eat: Chunk             |     2 |    10 |    12 ||    24
Armor: Leather armour    |     3 |       |       ||     3
       Plate armour      |    96 |   187 |   254 ||   537
Dodge: Dodged            |    30 |    45 |    82 ||   157
